 Dungeon Crawl Stone Soup version 0.21.1-1-g345015f (console) character file.

13428 fly the Fighter (level 12, -2/87 HPs)
             Began as an Octopode Earth Elementalist on June 3, 2018.
             Was a Priest of Qazlal.
             Slain by a five-headed hydra (16 damage)
             ... on level 1 of the Lair of Beasts.
             The game lasted 00:42:28 (15540 turns).

fly the Fighter (Octopode Earth Elementalist)      Turns: 15540, Time: 00:42:29

Health: -2/87      AC:  1    Str:  8      XL:     12   Next: 5%
Magic:  24/25      EV: 17    Int: 22      God:    Qazlal [***...]
Gold:   699        SH:  4    Dex: 11 (12) Spells: 7/26 levels left

rFire    . . .     SeeInvis .   (no weapon)
rCold    . . .     Gourm    .   (no shield)
rNeg     . . .     Faith    .   (helmet restricted)
rPois    +         Spirit   .   (no amulet)
rElec    .         Reflect  .   g - ring of poison resistance
rCorr    +         Harm     .   P - ring of resist corrosion
MR       .....     Clarity  +   (no ring)
Stlth    ++........             (no ring)
HPRegen  0.24/turn              (no ring)
MPRegen  0.19/turn              (no ring)
                                (no ring)
                                (no ring)

@: no status effects
A: almost no armour, stealthy swim, amphibious, 8 rings, constrict 8, camouflage
1, clarity, deterioration 1, high mp 1, gelatinous body 1
a: Upheaval, Elemental Force, Renounce Religion


You were on level 1 of the Lair of Beasts.
You worshipped Qazlal.
Qazlal was most pleased with you.
You were not hungry.

You visited 3 branches of the dungeon, and saw 12 of its levels.

You collected 699 gold pieces.

Inventory:

Hand Weapons
 a - a +3 scimitar of flaming
 b - the +10 hunting sling of Peawn {speed, Int+4}
   (You found it on level 7 of the Dungeon)

   Attacks with this weapon are significantly faster.
   It affects your intelligence (+4).
 c - a +1 dagger of venom
Missiles
 H - 74 stones (quivered)
 I - 33 sling bullets
Magical Staves
 y - an uncursed staff of power
 T - an uncursed staff of cold
Jewellery
 g - a ring of poison resistance (left tentacle)
 i - an uncursed ring of fire
 P - a ring of resist corrosion (right tentacle)
 R - an uncursed amulet of regeneration {unknown}
Wands
 f - a wand of disintegration (14)
 v - a wand of acid (8)
 B - a wand of polymorph (19)
 K - a wand of scattershot (5)
Scrolls
 e - 4 scrolls of teleportation
 k - 2 scrolls of enchant weapon
 o - 5 scrolls of remove curse
 q - 2 scrolls of fear {unknown}
 r - 4 scrolls of enchant armour {unknown}
 t - 2 scrolls of fog {unknown}
 w - a scroll of magic mapping {unknown}
 z - 4 scrolls of identify {unknown}
 G - a scroll of amnesia {unknown}
 M - a scroll of immolation {unknown}
 N - a scroll of torment {unknown}
 O - 3 scrolls of noise {unknown}
Potions
 h - 2 potions of brilliance {unknown}
 j - 2 potions of might
 l - a potion of cancellation {unknown}
 m - 5 potions of curing
 n - 4 potions of lignification
 p - a potion of agility {unknown}
 s - 3 potions of degeneration {unknown}
 u - a potion of haste
 x - a potion of ambrosia {unknown}
 A - a potion of flight {unknown}
 C - 2 potions of magic {unknown}
 E - 3 potions of invisibility {unknown}
 S - 2 potions of heal wounds
Books
 d - a book of Geomancy

   Spells                             Type                      Level
   a - Sandblast                      Earth                        1
   b - Passwall                       Transmutation/Earth          2
   c - Stone Arrow                    Conjuration/Earth            3
   d - Petrify                        Transmutation/Earth          4
   e - Lee's Rapid Deconstruction     Earth                        5
 D - a book of Cantrips

   Spells                             Type                      Level
   a - Confusing Touch                Hexes                        1
   b - Animate Skeleton               Necromancy                   1
   c - Summon Small Mammal            Summoning                    1
   d - Apportation                    Translocation                1
 F - a book of Changes

   Spells                             Type                      Level
   a - Beastly Appendage              Transmutation                1
   b - Sticks to Snakes               Transmutation                2
   c - Spider Form                    Transmutation/Poison         3
   d - Ice Form                       Ice/Transmutation            4
   e - Blade Hands                    Transmutation                5
 J - a book of Battle

   Spells                             Type                      Level
   a - Infusion                       Charms                       1
   b - Shroud of Golubria             Charms/Translocation         2
   c - Song of Slaying                Charms                       2
   d - Spectral Weapon                Hexes/Charms                 3
   e - Regeneration                   Charms/Necromancy            3
 L - a book of Conjurations

   Spells                             Type                      Level
   a - Magic Dart                     Conjuration                  1
   b - Searing Ray                    Conjuration                  2
   c - Dazzling Spray                 Conjuration/Hexes            3
   d - Fulminant Prism                Conjuration/Hexes            4
   e - Force Lance                    Conjuration/Translocation    4
   f - Iskenderun's Mystic Blast      Conjuration                  4
Comestibles
 Q - 22 rations


   Skills:
 - Level 10.0 Fighting
 - Level 9.0 Dodging
 - Level 2.6 Stealth
 + Level 7.7 Spellcasting
 - Level 6.0 Transmutations
 - Level 9.1 Earth Magic
 - Level 3.0 Invocations
 - Level 3.0 Evocations


You had 7 spell levels left.
You knew the following spells:

 Your Spells              Type           Power        Failure   Level  Hunger
b - Blade Hands           Tmut           #####.....   17%         5    #####..
c - Confusing Touch       Hex            #.....       8%          1    None
l - Lee's Rapid Deconstr  Erth           #####.....   4%          5    #####..
s - Song of Slaying       Chrm           #.......     12%         2    None
t - Stone Arrow           Conj/Erth      ####..       3%          3    None
w - Passwall              Tmut/Erth      #####.....   1%          2    None
z - Sandblast             Erth           #####.       1%          1    None


Dungeon Overview and Level Annotations

Branches:
Dungeon (10/15)            Temple (1/1) D:5            Lair (1/6) D:10
    Orc (0/2) D:9

Altars:
Ashenzari
Cheibriados
Dithmenos
Elyvilon
Fedhas
Gozag
Hepliaklqana
Kikubaaqudgha
Makhleb
Nemelex Xobeh
Okawaru
Qazlal
Ru
Sif Muna
Trog
Uskayaw
Vehumet
Wu Jian
Xom
Yredelemnul
Zin
The Shining One


Innate Abilities, Weirdness & Mutations

You cannot wear most types of armour.
You are very stealthy in the water. (Stealth+)
You are amphibious.
You can wear up to eight rings at the same time.
You can use your tentacles to constrict eight enemies at once.
Your skin changes colour to match your surroundings (Stealth+).
Your rubbery body absorbs attacks. (AC +1, EV +1)
You possess an exceptional clarity of mind.
Your body sometimes deteriorates upon taking damage.
You have an increased reservoir of magic. (+10% MP)


Message History

The five-headed hydra is engulfed in freezing vapours.
The five-headed hydra seems to slow down.
The five-headed hydra bites you. x2; The five-headed hydra bites you!
The five-headed hydra bites you. The five-headed hydra bites you!
A porcupine comes into view.
You tentacle-slap the five-headed hydra but do no damage.
The five-headed hydra is heavily wounded.
A wolf and a hydra come into view.
Unknown command.
You tentacle-slap the five-headed hydra but do no damage.
The five-headed hydra appears confused.
The five-headed hydra is heavily wounded.
The wolf barely misses you. The wolf bites you!
* * * LOW HITPOINT WARNING * * *
The five-headed hydra is engulfed in freezing vapours.
The five-headed hydra bites you!
* * * LOW HITPOINT WARNING * * *
The five-headed hydra closely misses you.
The five-headed hydra bites you!
You die...

....% .D....#
..... ......###
....r##........
#..............
#..............
...l...........
......§D$......
.......@hF..h..
........h......
...............
...............
...............
...........####
............
##.........##


You could see a five-headed hydra (confused), a four-headed hydra, a komodo
dragon, 3 wolves, a bullfrog and a porcupine.

Vanquished Creatures
  A hydra (D:10)
  Erica (D:8)
  5 two-headed ogres
  Pikel (D:8)
  The ghost of Iko the Skirmisher, a novice OgBe of Trog (D:5)
  The ghost of Monsterracer the Chopper, a novice DDFi (D:6)
  Joseph (D:7)
  2 trolls (D:10)
  The ghost of diana the Slasher, an amateur DgGl (D:4)
  2 dream sheep (D:10)
  2 yaks (D:10)
  A water moccasin (D:8)
  Duvessa (D:7)
  An ice beast (D:10)
  A sky beast (D:5)
  5 phantoms
  2 black bears
  3 porcupines (D:10)
  3 orc warriors (D:9)
  10 ogres
  4 centaurs
  A crocodile (D:10)
  4 big kobolds (D:10)
  6 bullfrogs
  A gnoll sergeant (D:10)
  3 scorpions
  Dowan (D:7)
  3 killer bees
  2 wights (D:10)
  A howler monkey (D:5)
  4 crimson imps
  A quasit (D:6)
  4 hounds
  A centaur skeleton (D:4)
  2 centaur zombies (D:5)
  4 jellies
  11 orc priests
  8 orc wizards
  4 bullfrog skeletons
  Jessica (D:2)
  Ijyb (D:3)
  5 iguanas
  11 worker ants
  A howler monkey skeleton (D:9)
  19 gnolls
  13 adders
  3 shadow imps
  4 oozes
  An adder skeleton (D:4)
  7 worms
  2 dart slugs
  7 leopard geckos
  36 orcs
  A ball python (D:3)
  5 giant cockroaches
  5 goblins (D:2)
  7 hobgoblins
  A jackal (D:2)
  2 quokkas
  8 bats
  3 frilled lizards
  A jackal zombie (D:5)
  20 kobolds
  A leopard gecko skeleton (D:9)
  A leopard gecko zombie (D:5)
  A quokka skeleton (D:9)
  9 rats
  A plant (D:3)
287 creatures vanquished.

Vanquished Creatures (others)
  A wizard (D:7)
  17 fungi (D:10)
  2 plants (D:10)
20 creatures vanquished.

Grand Total: 307 creatures vanquished

Notes
Turn   | Place    | Note
-------+----------+-------------------------------------------
     0 | D:1      | fly the Octopode Earth Elementalist began the quest for the Orb.
     0 | D:1      | Reached XP level 1. HP: 11/11 MP: 3/3
   218 | D:1      | Reached XP level 2. HP: 17/17 MP: 3/5
   672 | D:2      | Reached XP level 3. HP: 15/21 MP: 6/6
   777 | D:2      | Noticed Jessica
   794 | D:2      | Killed Jessica
   794 | D:2      | Reached XP level 4. HP: 24/27 MP: 6/8
   806 | D:2      | Learned a level 3 spell: Stone Arrow
   809 | D:2      | Learned a level 2 spell: Passwall
  1079 | D:2      | Reached XP level 5. HP: 31/31 MP: 8/10
  2028 | D:3      | Reached skill level 5 in Earth Magic
  2056 | D:3      | Reached XP level 6. HP: 32/36 MP: 3/12
  2218 | D:3      | Found an opulent altar of Gozag.
  2883 | D:4      | Noticed diana's ghost (amateur DgGl)
  3142 | D:3      | Reached XP level 7. HP: 22/41 MP: 8/14
  3265 | D:4      | Noticed Ijyb
  3267 | D:3      | Reached skill level 5 in Spellcasting
  3563 | D:3      | Killed Ijyb
  4699 | D:4      | Reached XP level 8. HP: 47/47 MP: 17/17
  4963 | D:5      | Entered Level 5 of the Dungeon
  4977 | D:5      | Reached skill level 1 in Fighting
  4995 | D:5      | Learned a level 5 spell: Lee's Rapid Deconstruction
  5021 | D:5      | Noticed Iko's ghost (novice OgBe)
  5061 | D:5      | Found an ornate altar of the Wu Jian Council.
  5113 | D:5      | Reached skill level 2 in Fighting
  5487 | D:5      | Found a glowing silver altar of Zin.
  5569 | D:5      | Reached skill level 3 in Fighting
  5793 | D:6      | Reached skill level 4 in Fighting
  5842 | D:6      | Noticed Monsterracer's ghost (novice DDFi)
  5916 | D:5      | Found a bloodstained altar of Trog.
  6342 | D:5      | Learned a level 1 spell: Confusing Touch
  6348 | D:5      | Learned a level 5 spell: Blade Hands
  6552 | D:5      | Found a staircase to the Ecumenical Temple.
  6582 | D:5      | Found a shattered altar of Ashenzari.
  6846 | D:5      | Reached skill level 5 in Fighting
  6853 | Temple   | Entered the Ecumenical Temple
  7259 | Temple   | Became a worshipper of Qazlal Stormbringer
  7361 | D:5      | Gained mutation: Your spells are a little easier to cast, but a little less powerful. [potion of mutation]
  7361 | D:5      | Gained mutation: You are robust. (+10% HP) [potion of mutation]
  7375 | D:5      | Killed Iko's ghost
  7375 | D:5      | Reached skill level 5 in Dodging
  7375 | D:5      | Reached XP level 9. HP: 39/68 MP: 12/18
  7747 | D:4      | Killed diana's ghost
  7747 | D:4      | Reached skill level 6 in Fighting
  8327 | D:6      | Learned a level 2 spell: Song of Slaying
  8724 | D:7      | Noticed Dowan
  8729 | D:7      | Noticed Duvessa
  8739 | D:7      | Killed Dowan
  8787 | D:7      | Killed Duvessa
  9029 | D:7      | Reached skill level 7 in Fighting
  9083 | D:7      | Reached * piety under Qazlal
  9120 | D:7      | Reached skill level 8 in Fighting
  9172 | D:7      | Noticed Joseph
  9419 | D:7      | Found a bloodstained altar of Trog.
  9420 | D:7      | Noticed a wizard
  9427 | D:7      | Killed a wizard
  9970 | D:6      | Killed Monsterracer's ghost
  9970 | D:6      | Reached XP level 10. HP: 52/80 MP: 19/19
 10375 | D:7      | Killed Joseph
 10665 | D:7      | Got a slimy hunting sling
 10667 | D:7      | Identified the +10 hunting sling of Peawn {speed, Int+4} (You found it on level 7 of the Dungeon)
 10772 | D:8      | Noticed a two-headed ogre
 10858 | D:6      | You fall through a shaft!
 11283 | D:8      | Noticed a two-headed ogre
 11301 | D:8      | Killed a two-headed ogre
 11301 | D:8      | Reached skill level 9 in Fighting
 11663 | D:8      | Noticed Erica
 11812 | D:8      | Reached skill level 10 in Fighting
 11843 | D:8      | Found a basalt altar of Yredelemnul.
 11909 | D:8      | Found a snail-covered altar of Cheibriados.
 12089 | D:8      | Killed Erica
 12247 | D:8      | Found a glowing golden altar of the Shining One.
 12256 | D:8      | Found a burning altar of Makhleb.
 12289 | D:8      | Reached ** piety under Qazlal
 12317 | D:8      | Noticed Pikel
 12358 | D:8      | Killed Pikel
 12432 | D:8      | Found a sacrificial altar of Ru.
 12528 | D:8      | Killed a two-headed ogre
 12528 | D:8      | Reached XP level 11. HP: 89/89 MP: 4/20
 12536 | D:8      | Found a hide-covered altar of Uskayaw.
 12754 | D:9      | Found a shadowy altar of Dithmenos.
 13092 | D:9      | Reached skill level 1 in Invocations
 13092 | D:9      | Reached skill level 1 in Evocations
 13215 | D:9      | Found a staircase to the Orcish Mines.
 13615 | D:9      | Found a hazy altar of Hepliaklqana.
 13749 | D:10     | Entered Level 10 of the Dungeon
 13790 | D:9      | Reached *** piety under Qazlal
 14243 | D:10     | Found a staircase to the Lair.
 14334 | D:10     | Lost mutation: Your spells are a little easier to cast, but a little less powerful. [potion of mutation]
 14334 | D:10     | Lost mutation: You are robust. (+10% HP) [potion of mutation]
 14334 | D:10     | Gained mutation: You possess an exceptional clarity of mind. [potion of mutation]
 14334 | D:10     | Gained mutation: Your body sometimes deteriorates upon taking damage. [potion of mutation]
 14334 | D:10     | Gained mutation: You have an increased reservoir of magic. (+10% MP) [potion of mutation]
 14572 | D:10     | Noticed a two-headed ogre
 14588 | D:10     | Killed a two-headed ogre
 14588 | D:10     | Reached skill level 5 in Transmutations
 14706 | D:10     | Noticed a three-headed hydra
 14709 | D:10     | Killed a one-headed hydra
 14761 | D:10     | Noticed a two-headed ogre
 14768 | D:10     | Killed a two-headed ogre
 15058 | D:10     | Noticed a two-headed ogre
 15069 | D:10     | Killed a two-headed ogre
 15069 | D:10     | Reached XP level 12. HP: 87/87 MP: 8/25
 15534 | Lair:1   | Entered Level 1 of the Lair of Beasts
 15534 | Lair:1   | Noticed a five-headed hydra
 15540 | Lair:1   | Noticed a four-headed hydra
 15540 | Lair:1   | Slain by a five-headed hydra

Skill      XL: |  1  2  3  4  5  6  7  8  9 10 11 |
---------------+----------------------------------+-----
Spellcasting   | 3 4 6 7 |  7.7
Earth Magic    | 4 5 6 7 9 |  9.1
Dodging        | 3 5 7 8 9 |  9.0
Fighting       | 5 8 10 | 10.0
Transmutations | 3 6 |  6.0
Invocations    | 3 |  3.0
Evocations     | 3 |  3.0
Stealth        | |  2.6

Action                   |  1- 3 |  4- 6 |  7- 9 | 10-12 || total
-------------------------+-------+-------+-------+-------++-------
Melee: Unarmed           |    38 |     7 |     2 |     7 ||    54
       Constrict         |    11 |    33 |    34 |    41 ||   119
       Tentacles         |     6 |    16 |    30 |    24 ||    76
       Short sword       |       |     8 |       |       ||     8
       Dagger            |       |    95 |   180 |    69 ||   344
       Scimitar          |       |       |       |    56 ||    56
 Cast: Sandblast         |    22 |    50 |   139 |   130 ||   341
       Stone Arrow       |       |       |     5 |    18 ||    23
       Confusing Touch   |       |       |     1 |     4 ||     5
       Lee's Rapid Decon |       |       |       |    26 ||    26
Evoke: Wand              |       |       |     5 |     4 ||     9
  Use: Scroll            |       |     3 |     3 |     1 ||     7
       Potion            |       |       |     9 |     1 ||    10
 Stab: Sleeping          |     3 |    10 |     4 |       ||    17
       Distracted        |       |     1 |       |       ||     1
       Confused          |       |       |     1 |     1 ||     2
  Eat: Chunk             |       |     7 |    14 |    26 ||    47
       Ration            |       |       |     2 |       ||     2
Armor: Skin              |     4 |     7 |    27 |     4 ||    42
Dodge: Dodged            |    28 |    59 |   154 |   175 ||   416
Block: Other             |       |       |     1 |    22 ||    23
       Rpst.: Scimitar   |       |       |       |    29 ||    29
